AoeStats
← Babe_Gutot

Socotra

504831087Analyzed
4v4 RM · 25d ago on Sep 6, 2026· 43m 45s· 8 players
Game mode
Random Map
Map size
148×148
Population
200
Speed
Normal
Resources
Standard
Victory
Conquest
Starting age
Dark Age
Ending age
Imperial Age
RankedLock teamsTeams togetherTeam positionsShared explorationLock speedFull tech treeHidden civsTurbo modeCheats
Victory
Defeat
🇺🇸 Britons · United States
678
+16
🇺🇸 Armenians · United States
642
+18
🇬🇧 Turks · United Kingdom
625
+19
🇩🇴 Huns · Dominican Republic
618
+19
🇲🇰 Huns · North Macedonia
737
-29
🇨🇱 Mapuche · Chile
727
-20
🇧🇷 Cumans · Brazil
645
-16
🇫🇷 Slavs · France
624
-16
WOODS3851
8:10 Loom
12:57 Feudal Age
14:46 Double-Bit Axe
14:44 Horse Collar
16:02 Bloodlines
18:12 Fletching
19:39 Gold Mining
24:05 Castle Age
22:23 Stone Mining
24:25 Scale Barding Armor
25:45 Forging
27:24 Iron Casting
29:52 Chain Barding Armor
31:36 Bodkin Arrow
32:32 Wheelbarrow
32:30 Town Watch
33:18 Sipahi
34:34 Husbandry
35:41 Padded Archer Armor
37:44 Ballistics
39:58 Imperial Age
minhtr3
12:07 Feudal Age
13:21 Double-Bit Axe
19:32 Wheelbarrow
18:52 Gold Mining
22:09 Padded Archer Armor
24:35 Castle Age
22:23 Loom
25:43 Hand Cart
25:40 Bow Saw
29:57 Crossbowman
37:12 Stone Mining
37:57 Gold Shaft Mining
victordelarosac
0:44 Loom
11:38 Feudal Age
13:06 Double-Bit Axe
13:02 Man-at-Arms
15:16 Long Swordsman
19:14 Forging
26:37 Castle Age
25:53 Pikeman
28:50 Fletching
29:46 Halberdier
30:47 Gambesons
33:38 Two-Handed Swordsman
36:03 Caravan
37:45 Horse Collar
43:56 Imperial Age
43:53 Wheelbarrow
44:12 Iron Casting
LordJavier
0:51 Loom
12:16 Feudal Age
12:57 Double-Bit Axe
14:53 Wheelbarrow
14:45 Man-at-Arms
19:39 Castle Age
19:29 Scale Mail Armor
20:28 Stone Mining
23:48 Gold Mining
24:23 Forging
24:15 Padded Archer Armor
25:52 Murder Holes
25:50 Horse Collar
27:24 Leather Archer Armor
28:21 Husbandry
29:32 Bloodlines
30:53 Marauders
32:00 Bow Saw
33:10 Scale Barding Armor
34:09 Hand Cart
34:52 Chain Mail Armor
35:13 Iron Casting
34:32 Light Cavalry
35:45 Fletching
39:48 Imperial Age
38:46 Bodkin Arrow
39:11 Chain Barding Armor
41:22 Heavy Plow
42:02 Elite Tarkan
43:40 Gold Shaft Mining
43:25 Bracer
Carrizuwu
12:02 Feudal Age
13:07 Loom
15:04 Horse Collar
15:12 Double-Bit Axe
15:18 Double-Bit Axe
15:25 Gold Mining
20:26 Fletching
20:36 Padded Archer Armor
27:41 Castle Age
28:14 Crossbowman
29:44 Bodkin Arrow
36:30 Elite Skirmisher
38:57 Leather Archer Armor
38:54 Forging
38:13 Pikeman
39:06 Bow Saw
38:56 Heavy Plow
baptiste.olivier.59
0:44 Loom
13:47 Feudal Age
15:06 Wheelbarrow
15:24 Gold Mining
18:38 Horse Collar
21:29 Castle Age
19:40 Double-Bit Axe
21:09 Scale Mail Armor
21:46 Stone Mining
22:47 Hand Cart
23:57 Bow Saw
23:51 Squires
24:57 Gold Shaft Mining
26:33 Ballistics
26:25 Fortified Wall
28:48 Heavy Plow
28:11 Pikeman
28:49 Murder Holes
29:05 Masonry
31:25 Husbandry
31:36 Bloodlines
30:47 Light Cavalry
31:36 Caravan
40:03 Imperial Age
39:01 Chain Mail Armor
38:51 Scale Barding Armor
38:57 Forging
38:39 Fletching
38:50 Padded Archer Armor
39:27 Coinage
Babe_Gutot
13:04 Feudal Age
14:44 Wheelbarrow
14:14 Loom
14:41 Gold Mining
14:58 Man-at-Arms
Caduzera
13:47 Feudal Age
12:35 Loom
16:59 Double-Bit Axe
22:33 Gold Mining
26:59 Fletching
27:10 Padded Archer Armor
27:48 Stone Mining
32:45 Castle Age
33:28 Scale Mail Armor
33:03 Pikeman
33:39 Crossbowman
Connection lost

Rejoining the realm…

Still unreachable

The connection could not be restored.

Session expired

The server has moved on; the page needs a fresh start.